 Dungeon Crawl Stone Soup version 0.31-a0-691-g409c26aa35 (webtiles) character file.

Game seed: 3925489219726896739

35 Dordric the Changeling (level 3, -5/23 HPs)
             Began as an Octopode Shapeshifter on Sept 7, 2023.
             Slain by Sigmund
             ... wielding a +0 scythe
              (13 damage)
             ... on level 2 of the Dungeon.
             The game lasted 00:00:43 (524 turns).

Dordric the Changeling (Octopode Shapeshifter)       Turns: 524, Time: 00:00:44

Health: -5/23      AC:  1    Str: 13    XL:     3   Next: 35%
Magic:  3/3        EV: 13    Int: 12    God:
Gold:   31         SH:  0    Dex: 13    Spells: 2/2 levels left

rFire   . .          .
                       - Unarmed
rCold   . . .        (no shield)
rNeg    . . .        (helmet currently unavailable)
rPois   .            (no amulet)
rElec   .            (no ring)
rCorr   .            (no ring)
SInv    .            (no ring)
Will    .....        (no ring)
Stlth   ++           (no ring)
HPRegen 0.23/turn    (no ring)
MPRegen 0.08/turn    (no ring)
                     (no ring)

%: no passive effects
@: confused, beast-form
A: beast (slay +2), almost no armour, amphibious, 8 rings, camouflage 1,
gelatinous body 1, (nimble swimmer 1), tentacles
a: Begin Untransformation


You were on level 2 of the Dungeon.
You were a hulking beast.
You visited 1 branch of the dungeon, and saw 2 of its levels.

You collected 31 gold pieces.

Inventory:

Talismans
 b - a beast talisman (active)
 c - a flux talisman
Scrolls
 d - 2 scrolls of identify {unknown}
 e - a scroll of silence {unknown}
 f - a scroll of vulnerability {unknown}
 g - a scroll of teleportation {unknown}
 h - a scroll of enchant armour {unknown}
 j - a scroll of torment {unknown}
Potions
 a - a potion of lignification
 i - a potion of attraction {unknown}


   Skills:
 - Level 1.0 Fighting
 - Level 2.0 Dodging
 - Level 3.0 Unarmed Combat
 + Level 4.1 Shapeshifting


You had 2 spell levels left.
You didn't know any spells.
Your spell library contained the following spells:

 Spells                   Type           Power      Damage    Failure   Level
 Frozen Ramparts          Ice            0%         1d1       69%         3
 Petrify                  Tmut/Erth      0%         N/A       97%         4
 Vhi's Electric Charge    Tloc/Air       0%         N/A       97%         4
 Arcjolt                  Conj/Air       0%         1d10      100%        5
 Metabolic Englaciation   Hex/Ice        0%         N/A       100%        5
 Plasma Beam              Fire/Air       0%         2x1d10    100%        6


Dungeon Overview and Level Annotations

Branches:
Dungeon (2/15)

Altars:

Shops:
D:1 :

Annotations:
D:2 Sigmund


Innate Abilities, Weirdness & Mutations

You are a hulking beast.
Your limbs bulge with bestial killing power. (Slay +2)
You cannot wear most types of armour.
You are amphibious.
You can wear up to eight rings at the same time.
Your skin changes colour to match your surroundings (Stealth+).
Your rubbery body absorbs attacks. (AC +1, EV +1)
((You are camouflaged when in or above water. (Stealth+)))
You have tentacles for arms and can constrict up to eight enemies at once.


Message History

You tentacle-slap Sigmund. You grab Sigmund. You squeeze Sigmund.
Sigmund is lightly wounded.
You constrict Sigmund. The ball python barely misses you.
The ball python grabs you. The ball python constricts you.
The ball python misses you. The ball python constricts you.
You barely miss the ball python. You grab the ball python.
You tentacle-slap the ball python.
You kill the ball python!
You constrict Sigmund.
Sigmund points at you and mumbles some strange words.
You are confused.
You are too confused!
You are too confused!
You are too confused!
You are too confused!
You are too confused!
You are too confused!
You are too confused!
You are too confused!
You are too confused!
You are too confused!
You are too confused!
You are too confused!
You are too confused!
You are too confused!
You are too confused!
You are too confused!
You are too confused!
Unknown command.
You barely miss Sigmund.
Sigmund is moderately wounded.
You constrict Sigmund. Sigmund hits you with a +0 scythe!
The adder completely misses you.
You release your grip on Sigmund.
Sigmund mumbles some strange words.
Sigmund flickers and vanishes!
Deactivating autopickup; reactivate with Ctrl-A.
You're too confused to move!
The adder bites you. Something hits you!
Ouch! That really hurt!
You die...

...####.....##.#.#####
....................)#
#######.....##.#.###.#
##### #.#.# .# #.#.#
.# #.#.# .# #
#..$###.#
....###.†{..#
.......hS...#
....###.......# ..
#####...# ##... .. .


You could see an adder.

Vanquished Creatures
  7 ball pythons
  3 bats (D:1)
  6 endoplasms
  4 giant cockroaches (D:1)
  2 goblins (D:1)
  A hobgoblin (D:1)
  2 kobolds
  A quokka (D:1)
  A frilled lizard (D:1)
  3 rats (D:1)
30 creatures vanquished.

Notes
Turn   | Place    | Note
-------+----------+-------------------------------------------
     0 | D:1      | Dordric the Octopode Shapeshifter began the quest for the
                  | Orb.
     0 | D:1      | Reached XP level 1. HP: 13/13 MP: 1/1
    92 | D:1      | Reached XP level 2. HP: 14/18 MP: 2/2
   123 | D:1      | Found Vapsido's Book Shoppe.
   279 | D:1      | Reached XP level 3. HP: 23/23 MP: 3/3
   285 | D:1      | Reached skill level 4 in Shapeshifting
   370 | D:1      | Found a faded altar of an unknown god.
   515 | D:2      | Noticed Sigmund
   524 | D:2      | Slain by Sigmund

Illustrated notes

Levels and vault maps discovered:
D:1:      ebering_hopf_link, layout_rooms, ebering_ecumenical_altar_hall,
          serial_shops, nicolae_shop_stone
D:2:      layout_basic, uniq_sigmund

Skill      XL: |  1  2  3 |
---------------+----------+-----
Shapeshifting  | 4 |  4.1
Fighting       | |  1.0
Dodging        | |  2.0
Unarmed Combat | |  3.0

Action                     || total
---------------------------++-------
  Melee: Unarmed           ||    47
         Constrict         ||    13
         Tentacles         ||    10
         Punch             ||     2
   Stab: Sleeping          ||     5
 Armour: Skin              ||    17
  Dodge: Dodged            ||    30

Table legend: (Time is in decaauts)
 A = Elapsed time spent in this place.
 B = Non-inter-level travel time spent in this place.
 C = Inter-level travel time spent in this place.
 D = Time resting spent in this place.
 E = Time spent auto-exploring this place.
 F = Levels seen in this place.
 G = Mean time per level.
                   A        B        C        D        E       F      G
               +--------+--------+--------+--------+--------+-----+--------+
         Total |    520 |    508 |     12 |      0 |    364 |   2 |  260.0 |
       Dungeon |    520 |    508 |     12 |      0 |    364 |   2 |  260.0 |
               +--------+--------+--------+--------+--------+-----+--------+

Top non-repeatable levels by time:
     D:1: 473 daAuts
     D:2: 47 daAuts
